LONDON ACES vs MONTREAL AXION

Created - 12 octobre 2025 at 21:37

Goals
1 2 3 OT1 T
LONDON ACES 1 1 0 1 3
MONTREAL AXION 1 1 0 0 2
Shots
1 2 3 OT1 T
LONDON ACES 11 9 2 1 23
MONTREAL AXION 18 7 19 1 45

1st period

1. LONDON ACES , Wyatt Aamodt 1 (Walker Duehr 1, Drew Bavaro 1) at 8:05
2. MONTREAL AXION , Aku Raty 1 (Parker Bell 1) at 11:32

Penalties :
Walker Duehr (LON) for Tripping (Minor) at 2:09, Wyatt Aamodt (LON) for High sticking (Minor) at 5:34, Drew Bavaro (LON) for Elbowing (Minor) at 9:16, Wyatt Aamodt (LON) for Boarding (Minor) at 15:29

2nd period

3. MONTREAL AXION , Mike Hardman 2 (Samuel Helenius 2) at 2:33
4. LONDON ACES , Walker Duehr 1 (Cam Lund 1) at 4:28

Penalties :
No Penalty

3rd period

No Goal

Penalties :
Alexander Petrovic (MTL) for Hooking (Minor) at 7:23, Tommy Bergsland (LON) for Roughing (Double Minor) at 11:11, Patrik Koch (LON) for Roughing (Minor) at 18:40

Overtime #1

5. LONDON ACES , Sammy Walker 2 (Walker Duehr 2) at 2:54

Penalties :
No Penalty

Goalie Stats

Devin Cooley (LON), 43 saves from 45 shots - (0,956), W, 3-0-0, 62:55 minutes
Adam Scheel (MTL), 20 saves from 23 shots - (0,870), OTL, 0-1-1, 62:55 minutes

Players Stats for LONDON ACES

Player Name              G  A  P  +/- PIM S  H  SB GA TA FO     MP     PP MP  PK MP  
------------------------------------------------------------------------------------
Cam Lund                 0  1  1   1  0   2  0  0  0  0  0/0     8:00   0:04   0:07 
Cooper Walker            0  0  0   0  0   1  0  1  0  0  0/2     4:13   0:00   1:19 
Curtis Douglas           0  0  0   0  0   0  0  0  0  0  0/0     3:53   0:00   1:35 
Daniel D'Amato           0  0  0  -1  0   4  1  0  0  0  0/0    17:17   1:19   0:00 
Drew Bavaro              0  1  1   0  2   0  2  1  0  0  0/0    25:41   0:04   5:49 
Josiah Slavin            0  0  0  -1  0   0  2  1  0  0  3/3    23:31   1:19   6:16 
Lleyton Moore            0  0  0   1  0   0  1  0  0  0  0/0    23:19   1:19   5:50 
Martin Chromiak          0  0  0   0  0   0  0  0  0  0  5/13   24:24   0:40   6:42 
Navrin Mutter            0  0  0   0  0   0  0  0  0  0  0/0     3:54   0:00   0:00 
Oscar Eklind             0  0  0   0  0   3  4  0  0  0  3/11   14:22   0:40   0:00 
Patrik Koch              0  0  0   0  2   0  1  2  0  0  0/0    17:49   0:04   5:46 
Sammy Walker             1  0  1   1  0   3  2  0  0  0  0/1    28:09   0:36   5:27 
Scott Perunovich         0  0  0   0  0   0  0  2  0  0  0/0    21:41   0:36   3:22 
Tommy Bergsland          0  0  0   0  4   0  0  0  0  0  0/0     8:18   0:36   1:52 
Tucker Robertson         0  0  0   1  0   0  1  0  0  0  3/7    11:49   0:00   0:00 
Walker Duehr             1  2  3   2  2   3  2  0  0  0  3/5    13:58   0:00   1:04 
Wyatt Aamodt             1  0  1   1  4   4  2  5  0  0  0/0    24:43   1:19   3:49 
Zach Solow               0  0  0  -1  0   3  0  0  0  0  16/29  22:39   1:19   5:58 

Players Stats for MONTREAL AXION

Player Name              G  A  P  +/- PIM S  H  SB GA TA FO     MP     PP MP  PK MP  
------------------------------------------------------------------------------------
Aaron Ness               0  0  0   1  0   1  0  0  0  0  0/0    14:58   1:33   0:54 
Aku Raty                 1  0  1   1  0   2  0  0  0  0  4/12   18:19   1:40   1:00 
Alexander Petrovic       0  0  0   2  2   0  2  0  0  0  0/0    22:08   6:00   0:00 
Brandon Hickey           0  0  0   0  0   0  0  0  0  0  0/0     2:28   0:00   0:00 
Cavan Fitzgerald         0  0  0   0  0   0  2  1  0  0  0/0    23:24   6:26   0:35 
Isaak Phillips           0  0  0  -2  0   0  1  0  0  0  0/0    13:04   0:00   1:24 
Jack Matier              0  0  0   0  0   1  1  1  0  0  0/0     8:52   0:00   0:00 
Jalen Luypen             0  0  0  -1  0   5  0  0  0  0  4/8    27:25   5:49   1:16 
Luke Henman              0  0  0   0  0   2  3  0  0  0  6/12   16:36   6:24   0:00 
Mathias Laferriere       0  0  0  -2  0   8  4  0  0  0  3/4    27:32   6:48   0:43 
Matthew Kessel           0  0  0  -2  0   5  0  0  0  0  0/0    17:43   6:14   0:30 
Max McCue                0  0  0   1  0   2  0  0  0  0  0/1    11:43   0:33   0:00 
Mike Hardman             1  0  1  -1  0   9  1  0  0  0  1/1    21:31   5:53   0:00 
Nolan Foote              0  0  0   0  0   0  0  0  0  0  0/0     4:36   0:33   0:00 
Parker Bell              0  1  1   1  0   0  0  0  0  0  5/8    11:45   0:00   0:00 
Reid Schaefer            0  0  0  -1  0   0  1  0  0  0  0/0    24:31   5:45   0:43 
Samuel Helenius          0  1  1   0  0   3  2  0  0  0  15/25  19:53   6:17   0:16 
Tyson Barrie             0  0  0  -1  0   7  3  0  0  0  0/0    23:12   6:15   0:35 

3 Stars

1 - Devin Cooley (LON)
2 - Walker Duehr (LON)
3 - Sammy Walker (LON)

Power Play

LONDON ACES - 0 on 1 Attempt(s) - 0,00%
MONTREAL AXION - 0 on 7 Attempt(s) - 0,00%

Penalty Kill

LONDON ACES - 7 on 7 Attempt(s) - 100,00% - Score 0 goal in Penalty Kill
MONTREAL AXION - 1 on 1 Attempt(s) - 100,00% - Score 0 goal in Penalty Kill

Team Stat

LONDON ACES - Hits : 18 - Faceoff Wins : 33 - Blocked Shots : 12 - Penalty Minutes : 14
MONTREAL AXION - Hits : 20 - Faceoff Wins : 38 - Blocked Shots : 2 - Penalty Minutes : 2

Official

Referees : Beaudry Halkidis and Frederick L'Ecuyer
Linesman : Travis Toomey and Kelsey Mahoney

Game Notes

No Game Note

LONDON ACES

5 vs 5 Forward 
   Center                   Left Wing                Right Wing               Time % Phy DF OF 
 1 Oscar Eklind             Martin Chromiak          Sammy Walker             36     1   2  2  
 2 Zach Solow               Josiah Slavin            Daniel D'Amato           31     1   2  2  
 3 Tucker Robertson         Walker Duehr             Sammy Walker             23     1   2  2  
 4 Navrin Mutter            Martin Chromiak          Sammy Walker             10     1   2  2  

5 vs 5 Defense 
   Defense                  Defense                                           Time % Phy DF OF 
 1 Drew Bavaro              Wyatt Aamodt                                      36     1   2  2  
 2 Lleyton Moore            Scott Perunovich                                  31     1   2  2  
 3 Patrik Koch              Drew Bavaro                                       23     1   2  2  
 4 Drew Bavaro              Lleyton Moore                                     10     1   2  2  

PowerPlay Forward 
   Center                   Left Wing                Right Wing               Time % Phy DF OF 
 1 Oscar Eklind             Martin Chromiak          Sammy Walker             55     1   2  2  
 2 Zach Solow               Josiah Slavin            Daniel D'Amato           45     1   2  2  

PowerPlay Defense
   Defense                  Defense                                           Time % Phy DF OF 
 1 Drew Bavaro              Wyatt Aamodt                                      55     1   2  2  
 2 Lleyton Moore            Patrik Koch                                       45     1   2  2  

Penalty Kill 4 Players Forward 
   Center                   Wing                     Time % Phy DF OF 
 1 Zach Solow               Sammy Walker             55     1   2  2  
 2 Martin Chromiak          Josiah Slavin            45     1   2  2  

Penalty Kill 4 Players Defense
   Defense                  Defense                  Time % Phy DF OF 
 1 Drew Bavaro              Patrik Koch              55     1   2  2  
 2 Lleyton Moore            Wyatt Aamodt             45     1   2  2  

Penalty Kill - 3 Players Forward 
   Forward                                           Time % Phy DF OF 
 1 Martin Chromiak                                   55     1   2  2  
 2 Sammy Walker                                      45     1   2  2  

Penalty Kill - 3 Players Defense
   Defense                  Defense                  Time % Phy DF OF 
 1 Drew Bavaro              Patrik Koch              55     1   2  2  
 2 Lleyton Moore            Wyatt Aamodt             45     1   2  2  

4 vs 4 Forward 
   Center                   Wing                     Time % Phy DF OF 
 1 Walker Duehr             Sammy Walker             55     1   2  2  
 2 Martin Chromiak          Josiah Slavin            45     1   2  2  

4 vs 4 Defense
   Defense                  Defense                  Time % Phy DF OF 
 1 Drew Bavaro              Wyatt Aamodt             55     1   2  2  
 2 Lleyton Moore            Patrik Koch              45     1   2  2  

Last Minutes Offensive
   Center                   Left Wing                Right Wing               Defense                  Defense                  
   Oscar Eklind             Martin Chromiak          Sammy Walker             Drew Bavaro              Wyatt Aamodt             

Last Minutes Defensive
   Center                   Left Wing                Right Wing               Defense                  Defense                  
   Oscar Eklind             Martin Chromiak          Sammy Walker             Drew Bavaro              Wyatt Aamodt             

Goaltenders
Starting : Devin Cooley             
Backup : Gabriel Carriere         

Extra Forwards
Normal : Martin Chromiak, Sammy Walker, Walker Duehr - PP : Martin Chromiak, Sammy Walker - PK : Walker Duehr
Extra Defensemen
Normal : Patrik Koch, Drew Bavaro, Lleyton Moore - PP : Patrik Koch - PK : Drew Bavaro, Lleyton Moore
Penalty Shots
Oscar Eklind, Sammy Walker, Martin Chromiak, Josiah Slavin, Zach Solow

Scratches
Bear Hughes (Healthy), Dylan Wendt (Healthy), Cooper Gay (Healthy), Joe Dunlap (Healthy), Lucas Condotta (Healthy)
Raphael Lavoie (Healthy), Ryan Kirwan (Healthy), Sean Chisholm (Healthy), Simon Mack (Upper Body Injury), Sullivan Mack (Healthy)
Tim Washe (Healthy), Thomas Milic (Healthy)

MONTREAL AXION

5 vs 5 Forward 
   Center                   Left Wing                Right Wing               Time % Phy DF OF 
 1 Samuel Helenius          Reid Schaefer            Mike Hardman             36     1   2  2  
 2 Aku Raty                 Jalen Luypen             Mathias Laferriere       31     1   2  2  
 3 Jalen Luypen             Mathias Laferriere       Luke Henman              23     1   2  2  
 4 Parker Bell              Reid Schaefer            Max McCue                10     1   2  2  

5 vs 5 Defense 
   Defense                  Defense                                           Time % Phy DF OF 
 1 Tyson Barrie             Cavan Fitzgerald                                  36     1   2  2  
 2 Alexander Petrovic       Aaron Ness                                        31     1   2  2  
 3 Jack Matier              Alexander Petrovic                                23     1   2  2  
 4 Matthew Kessel           Isaak Phillips                                    10     1   2  2  

PowerPlay Forward 
   Center                   Left Wing                Right Wing               Time % Phy DF OF 
 1 Samuel Helenius          Reid Schaefer            Mike Hardman             55     1   2  2  
 2 Luke Henman              Jalen Luypen             Mathias Laferriere       45     1   2  2  

PowerPlay Defense
   Defense                  Defense                                           Time % Phy DF OF 
 1 Tyson Barrie             Cavan Fitzgerald                                  55     1   2  2  
 2 Alexander Petrovic       Matthew Kessel                                    45     1   2  2  

Penalty Kill 4 Players Forward 
   Center                   Wing                     Time % Phy DF OF 
 1 Jalen Luypen             Samuel Helenius          55     1   2  2  
 2 Mathias Laferriere       Reid Schaefer            45     1   2  2  

Penalty Kill 4 Players Defense
   Defense                  Defense                  Time % Phy DF OF 
 1 Cavan Fitzgerald         Tyson Barrie             55     1   2  2  
 2 Alexander Petrovic       Isaak Phillips           45     1   2  2  

Penalty Kill - 3 Players Forward 
   Forward                                           Time % Phy DF OF 
 1 Reid Schaefer                                     55     1   2  2  
 2 Samuel Helenius                                   45     1   2  2  

Penalty Kill - 3 Players Defense
   Defense                  Defense                  Time % Phy DF OF 
 1 Cavan Fitzgerald         Jack Matier              55     1   2  2  
 2 Alexander Petrovic       Tyson Barrie             45     1   2  2  

4 vs 4 Forward 
   Center                   Wing                     Time % Phy DF OF 
 1 Mathias Laferriere       Mike Hardman             55     1   2  2  
 2 Jalen Luypen             Reid Schaefer            45     1   2  2  

4 vs 4 Defense
   Defense                  Defense                  Time % Phy DF OF 
 1 Tyson Barrie             Aaron Ness               55     1   2  2  
 2 Alexander Petrovic       Cavan Fitzgerald         45     1   2  2  

Last Minutes Offensive
   Center                   Left Wing                Right Wing               Defense                  Defense                  
   Samuel Helenius          Reid Schaefer            Mike Hardman             Tyson Barrie             Cavan Fitzgerald         

Last Minutes Defensive
   Center                   Left Wing                Right Wing               Defense                  Defense                  
   Samuel Helenius          Reid Schaefer            Mike Hardman             Tyson Barrie             Cavan Fitzgerald         

Goaltenders
Starting : Adam Scheel              
Backup : Damian Clara             

Extra Forwards
Normal : Reid Schaefer, Mike Hardman, Jalen Luypen - PP : Reid Schaefer, Mathias Laferriere - PK : Reid Schaefer
Extra Defensemen
Normal : Aaron Ness, Jack Matier, Alexander Petrovic - PP : Alexander Petrovic - PK : Matthew Kessel, Alexander Petrovic
Penalty Shots
Mike Hardman, Jalen Luypen, Mathias Laferriere, Reid Schaefer, Aku Raty

Scratches
Connor Clattenburg (Healthy), Josh Bloom (Healthy), Miko Matikka (Healthy)

% Time on Ice - LONDON ACES

Lines # - Real PCT - Wanted PCT - Time Play
Normal Forward
1 - 31% - 36% - 13:42
2 - 34% - 31% - 15:22
3 - 26% - 23% - 11:49
4 - 9% - 10% - 3:54
Normal Defense
1 - 35% - 36% - 15:44
2 - 37% - 31% - 16:40
3 - 24% - 23% - 10:50
4 - 3% - 10% - 1:33
PP Forward
1 - 34% - 55% - 0:40
2 - 66% - 45% - 1:19
PP Defense
1 - 61% - 55% - 1:13
2 - 39% - 45% - 0:46
PK Forward
1 - 53% - 55% - 6:58
2 - 47% - 45% - 6:16
PK Defense
1 - 67% - 55% - 8:51
2 - 33% - 45% - 4:23
PK3 Forward
1 - 65% - 55% - 0:26
2 - 35% - 45% - 0:14
PK3 Defense
1 - 100% - 55% - 0:40
2 - 0% - 45% - 0:00
44 Forward
1 - 76% - 55% - 1:42
2 - 24% - 45% - 0:33
44 Defense
1 - 87% - 55% - 1:58
2 - 13% - 45% - 0:17
Last Minute Offensive  - 0:00
Last Minute Defensive  - 0:00
Total
Forward - 62:55
Defense - 62:55

% Time on Ice - MONTREAL AXION

Lines # - Real PCT - Wanted PCT - Time Play
Normal Forward
1 - 27% - 36% - 12:15
2 - 25% - 31% - 11:23
3 - 23% - 23% - 10:12
4 - 24% - 10% - 10:57
Normal Defense
1 - 33% - 36% - 14:55
2 - 23% - 31% - 10:23
3 - 17% - 23% - 7:49
4 - 26% - 10% - 11:40
PP Forward
1 - 52% - 55% - 6:50
2 - 48% - 45% - 6:24
PP Defense
1 - 53% - 55% - 7:00
2 - 47% - 45% - 6:14
PK Forward
1 - 64% - 55% - 1:16
2 - 36% - 45% - 0:43
PK Defense
1 - 29% - 55% - 0:35
2 - 71% - 45% - 1:24
PK3 Forward
1 - 0% - 55%
2 - 0% - 45%
PK3 Defense
1 - 0% - 55%
2 - 0% - 45%
44 Forward
1 - 50% - 55% - 1:27
2 - 50% - 45% - 1:28
44 Defense
1 - 50% - 55% - 1:27
2 - 50% - 45% - 1:28
Last Minute Offensive  - 0:00
Last Minute Defensive  - 0:00
Total
Forward - 62:55
Defense - 62:55

Play-by-Play

1st period


0:01 of 1st period - Samuel Helenius wins face-off versus Oscar Eklind in neutral zone.
0:46 of 1st period - Oscar Eklind is hit by Alexander Petrovic and loses puck.
0:57 of 1st period - Shot by Jalen Luypen.
0:57 of 1st period - Shot Misses the Net.
1:21 of 1st period - Shot by Mathias Laferriere.
1:21 of 1st period - Stopped by Devin Cooley without a rebound.
1:22 of 1st period - Zach Solow wins face-off versus Parker Bell in LONDON ACES zone.
2:09 of 1st period - Minor Penalty to Walker Duehr for Tripping.
2:10 of 1st period - Zach Solow wins face-off versus Luke Henman in LONDON ACES zone.
2:10 of 1st period - Zach Solow is hit by Luke Henman.
2:16 of 1st period - Cavan Fitzgerald is hit by Sammy Walker and loses puck.
2:25 of 1st period - Shot by Mathias Laferriere.
2:25 of 1st period - Shot Misses the Net.
2:33 of 1st period - Shot by Mathias Laferriere.
2:33 of 1st period - Shot Misses the Net.
2:35 of 1st period - Shot by Jalen Luypen.
2:35 of 1st period - Shot Misses the Net.
2:37 of 1st period - Shot by Tyson Barrie.
2:37 of 1st period - Stopped by Devin Cooley without a rebound.
2:38 of 1st period - Samuel Helenius wins face-off versus Martin Chromiak in LONDON ACES zone.
2:41 of 1st period - Shot by Samuel Helenius.
2:41 of 1st period - Deflect By Mike Hardman.
2:41 of 1st period - Shot Misses the Net.
2:51 of 1st period - Shot by Samuel Helenius.
2:51 of 1st period - Shot Blocked by Wyatt Aamodt.
3:03 of 1st period - Shot by Mike Hardman.
3:03 of 1st period - Shot Misses the Net.
3:05 of 1st period - Shot by Matthew Kessel.
3:05 of 1st period - Shot Blocked by Wyatt Aamodt.
3:21 of 1st period - Shot by Jalen Luypen.
3:21 of 1st period - Deflect By Aku Raty.
3:21 of 1st period - Stopped by Devin Cooley without a rebound.
3:22 of 1st period - Luke Henman wins face-off versus Zach Solow in LONDON ACES zone.
3:23 of 1st period - Shot by Jalen Luypen.
3:23 of 1st period - Stopped by Devin Cooley without a rebound.
3:24 of 1st period - Luke Henman wins face-off versus Zach Solow in LONDON ACES zone.
3:48 of 1st period - Shot by Luke Henman.
3:48 of 1st period - Shot Misses the Net.
3:50 of 1st period - Shot by Tyson Barrie.
3:50 of 1st period - Stopped by Devin Cooley without a rebound.
3:51 of 1st period - Samuel Helenius wins face-off versus Martin Chromiak in LONDON ACES zone.
3:56 of 1st period - Shot by Samuel Helenius.
3:56 of 1st period - Shot Misses the Net.
4:59 of 1st period - Icing by Lleyton Moore.
5:00 of 1st period - Jalen Luypen wins face-off versus Zach Solow in LONDON ACES zone.
5:13 of 1st period - Shot by Daniel D'Amato.
5:13 of 1st period - Stopped by Adam Scheel with a rebound.
5:34 of 1st period - Minor Penalty to Wyatt Aamodt for High sticking.
5:35 of 1st period - Samuel Helenius wins face-off versus Martin Chromiak in LONDON ACES zone.
5:38 of 1st period - Shot by Samuel Helenius.
5:38 of 1st period - Shot Misses the Net.
5:40 of 1st period - Shot by Samuel Helenius.
5:40 of 1st period - Stopped by Devin Cooley without a rebound.
5:41 of 1st period - Samuel Helenius wins face-off versus Zach Solow in LONDON ACES zone.
6:06 of 1st period - Shot by Samuel Helenius.
6:06 of 1st period - Shot Misses the Net.
6:08 of 1st period - Shot by Tyson Barrie.
6:08 of 1st period - Stopped by Devin Cooley without a rebound.
6:09 of 1st period - Luke Henman wins face-off versus Zach Solow in LONDON ACES zone.
6:22 of 1st period - Icing by Mathias Laferriere.
6:23 of 1st period - Zach Solow wins face-off versus Luke Henman in MONTREAL AXION zone.
6:43 of 1st period - Shot by Jalen Luypen.
6:43 of 1st period - Stopped by Devin Cooley without a rebound.
6:44 of 1st period - Samuel Helenius wins face-off versus Martin Chromiak in LONDON ACES zone.
7:28 of 1st period - Shot by Mathias Laferriere.
7:28 of 1st period - Stopped by Devin Cooley without a rebound.
7:29 of 1st period - Luke Henman wins face-off versus Zach Solow in LONDON ACES zone.
7:36 of 1st period - Shot by Jalen Luypen.
7:36 of 1st period - Stopped by Devin Cooley without a rebound.
7:37 of 1st period - Walker Duehr wins face-off versus Aku Raty in LONDON ACES zone.
7:57 of 1st period - Shot by Sammy Walker.
7:57 of 1st period - Stopped by Adam Scheel with a rebound.
8:03 of 1st period - Shot by Wyatt Aamodt.
8:03 of 1st period - Stopped by Adam Scheel with a rebound.
8:05 of 1st period - Shot by Wyatt Aamodt.
8:05 of 1st period - Goal by Wyatt Aamodt - LONDON ACES : 1 - MONTREAL AXION : 0.
8:06 of 1st period - Josiah Slavin wins face-off versus Samuel Helenius in neutral zone.
8:50 of 1st period - Icing by Josiah Slavin.
8:51 of 1st period - Zach Solow wins face-off versus Aku Raty in LONDON ACES zone.
8:51 of 1st period - Daniel D'Amato is hit by Mathias Laferriere and loses puck.
9:16 of 1st period - Minor Penalty to Drew Bavaro for Elbowing.
9:17 of 1st period - Zach Solow wins face-off versus Luke Henman in LONDON ACES zone.
9:39 of 1st period - Shot by Luke Henman.
9:39 of 1st period - Stopped by Devin Cooley with a rebound.
9:41 of 1st period - Shot by Matthew Kessel.
9:41 of 1st period - Shot Blocked by Wyatt Aamodt.
9:43 of 1st period - Shot by Jalen Luypen.
9:43 of 1st period - Shot Misses the Net.
9:45 of 1st period - Shot by Matthew Kessel.
9:45 of 1st period - Stopped by Devin Cooley without a rebound.
9:46 of 1st period - Martin Chromiak wins face-off versus Samuel Helenius in LONDON ACES zone.
11:04 of 1st period - Shot by Mike Hardman.
11:04 of 1st period - Shot Misses the Net.
11:10 of 1st period - Shot by Mike Hardman.
11:10 of 1st period - Stopped by Devin Cooley with a rebound.
11:22 of 1st period - Shot by Sammy Walker.
11:22 of 1st period - Shot Misses the Net.
11:24 of 1st period - Shot by Walker Duehr.
11:24 of 1st period - Stopped by Adam Scheel without a rebound.
11:25 of 1st period - Parker Bell wins face-off versus Tucker Robertson in MONTREAL AXION zone.
11:32 of 1st period - Shot by Aku Raty.
11:32 of 1st period - Goal by Aku Raty - LONDON ACES : 1 - MONTREAL AXION : 1.
11:33 of 1st period - Aku Raty wins face-off versus Tucker Robertson in neutral zone.
11:45 of 1st period - Sammy Walker is hit by Isaak Phillips and loses puck.
11:48 of 1st period - Shot by Wyatt Aamodt.
11:48 of 1st period - Stopped by Adam Scheel without a rebound.
11:49 of 1st period - Parker Bell wins face-off versus Zach Solow in MONTREAL AXION zone.
11:49 of 1st period - Parker Bell is hit by Josiah Slavin.
12:00 of 1st period - Max McCue is hit by Drew Bavaro and loses puck.
12:24 of 1st period - Max McCue is hit by Drew Bavaro and loses puck.
12:38 of 1st period - Daniel D'Amato is hit by Alexander Petrovic and loses puck.
12:49 of 1st period - Daniel D'Amato is hit by Mathias Laferriere and loses puck.
12:56 of 1st period - Shot by Mathias Laferriere.
12:56 of 1st period - Shot Misses the Net.
12:58 of 1st period - Shot by Aaron Ness.
12:58 of 1st period - Stopped by Devin Cooley with a rebound.
13:19 of 1st period - Icing by Patrik Koch.
13:20 of 1st period - Samuel Helenius wins face-off versus Oscar Eklind in LONDON ACES zone.
13:20 of 1st period - Mike Hardman is hit by Patrik Koch.
13:43 of 1st period - Shot by Sammy Walker.
13:43 of 1st period - Stopped by Adam Scheel with a rebound.
13:55 of 1st period - Shot by Oscar Eklind.
13:55 of 1st period - Stopped by Adam Scheel without a rebound.
13:56 of 1st period - Tucker Robertson wins face-off versus Aku Raty in MONTREAL AXION zone.
14:06 of 1st period - Aku Raty is hit by Wyatt Aamodt and loses puck.
14:16 of 1st period - Shot by Mathias Laferriere.
14:16 of 1st period - Shot Misses the Net.
14:59 of 1st period - Mike Hardman is hit by Wyatt Aamodt and loses puck.
15:28 of 1st period - Shot by Aku Raty.
15:28 of 1st period - Shot Misses the Net.
15:29 of 1st period - Minor Penalty to Wyatt Aamodt for Boarding.
15:30 of 1st period - Luke Henman wins face-off versus Martin Chromiak in LONDON ACES zone.
15:33 of 1st period - Shot by Mathias Laferriere.
15:33 of 1st period - Stopped by Devin Cooley without a rebound.
15:34 of 1st period - Samuel Helenius wins face-off versus Martin Chromiak in LONDON ACES zone.
17:14 of 1st period - Shot by Samuel Helenius.
17:14 of 1st period - Shot Misses the Net.
17:36 of 1st period - Shot by Aku Raty.
17:36 of 1st period - Shot Misses the Net.
17:57 of 1st period - Shot by Oscar Eklind.
17:57 of 1st period - Stopped by Adam Scheel with a rebound.
18:59 of 1st period - Shot by Mathias Laferriere.
18:59 of 1st period - Stopped by Devin Cooley without a rebound.
19:00 of 1st period - Zach Solow wins face-off versus Jalen Luypen in LONDON ACES zone.
19:14 of 1st period - Shot by Daniel D'Amato.
19:14 of 1st period - Stopped by Adam Scheel without a rebound.
19:15 of 1st period - Zach Solow wins face-off versus Aku Raty in MONTREAL AXION zone.
19:24 of 1st period - Shot by Zach Solow.
19:24 of 1st period - Stopped by Adam Scheel without a rebound.
19:25 of 1st period - Zach Solow wins face-off versus Parker Bell in MONTREAL AXION zone.
19:40 of 1st period - Shot by Matthew Kessel.
19:40 of 1st period - Stopped by Devin Cooley without a rebound.
19:41 of 1st period - Tucker Robertson wins face-off versus Jalen Luypen in LONDON ACES zone.
19:41 of 1st period - Tucker Robertson is hit by Mathias Laferriere.
Goals for this period are 1 for LONDON ACES vs 1 for MONTREAL AXION.
Shots for this period are 11 for LONDON ACES vs 18 for MONTREAL AXION.

2nd period


0:01 of 2nd period - Samuel Helenius wins face-off versus Oscar Eklind in neutral zone.
0:20 of 2nd period - Shot by Mike Hardman.
0:20 of 2nd period - Stopped by Devin Cooley with a rebound.
0:22 of 2nd period - Shot by Alexander Petrovic.
0:22 of 2nd period - Shot Misses the Net.
1:12 of 2nd period - Shot by Mathias Laferriere.
1:12 of 2nd period - Stopped by Devin Cooley with a rebound.
2:09 of 2nd period - Shot by Martin Chromiak.
2:09 of 2nd period - Shot Hit the Post.
2:15 of 2nd period - Shot by Cam Lund.
2:15 of 2nd period - Stopped by Adam Scheel without a rebound.
2:16 of 2nd period - Zach Solow wins face-off versus Samuel Helenius in MONTREAL AXION zone.
2:17 of 2nd period - Shot by Wyatt Aamodt.
2:17 of 2nd period - Stopped by Adam Scheel with a rebound.
2:31 of 2nd period - Shot by Samuel Helenius.
2:31 of 2nd period - Shot Misses the Net.
2:33 of 2nd period - Shot by Mike Hardman.
2:33 of 2nd period - Goal by Mike Hardman - LONDON ACES : 1 - MONTREAL AXION : 2.
2:34 of 2nd period - Mathias Laferriere wins face-off versus Sammy Walker in neutral zone.
2:34 of 2nd period - Jalen Luypen is hit by Oscar Eklind and loses puck.
2:56 of 2nd period - Shot by Mathias Laferriere.
2:56 of 2nd period - Shot Blocked by Wyatt Aamodt.
3:36 of 2nd period - Shot by Samuel Helenius.
3:36 of 2nd period - Shot Misses the Net.
4:28 of 2nd period - Shot by Walker Duehr.
4:28 of 2nd period - Goal by Walker Duehr - LONDON ACES : 2 - MONTREAL AXION : 2.
4:29 of 2nd period - Aku Raty wins face-off versus Martin Chromiak in neutral zone.
5:23 of 2nd period - Icing by Mathias Laferriere.
5:24 of 2nd period - Josiah Slavin wins face-off versus Aku Raty in MONTREAL AXION zone.
5:33 of 2nd period - Shot by Zach Solow.
5:33 of 2nd period - Deflect By Josiah Slavin.
5:33 of 2nd period - Shot Misses the Net.
8:37 of 2nd period - Martin Chromiak is hit by Jack Matier and loses puck.
8:54 of 2nd period - Shot by Daniel D'Amato.
8:54 of 2nd period - Stopped by Adam Scheel with a rebound.
8:56 of 2nd period - Shot by Navrin Mutter.
8:56 of 2nd period - Shot Misses the Net.
8:58 of 2nd period - Shot by Cooper Walker.
8:58 of 2nd period - Stopped by Adam Scheel with a rebound.
9:21 of 2nd period - Oscar Eklind is hit by Tyson Barrie and loses puck.
9:33 of 2nd period - Oscar Eklind is hit by Tyson Barrie and loses puck.
10:33 of 2nd period - Cam Lund is hit by Tyson Barrie and loses puck.
10:41 of 2nd period - Tucker Robertson is hit by Cavan Fitzgerald and loses puck.
11:33 of 2nd period - Shot by Zach Solow.
11:33 of 2nd period - Stopped by Adam Scheel without a rebound.
11:34 of 2nd period - Jalen Luypen wins face-off versus Zach Solow in MONTREAL AXION zone.
13:09 of 2nd period - Icing by Martin Chromiak.
13:10 of 2nd period - Martin Chromiak wins face-off versus Aku Raty in LONDON ACES zone.
13:12 of 2nd period - Icing by Sammy Walker.
13:13 of 2nd period - Oscar Eklind wins face-off versus Aku Raty in LONDON ACES zone.
14:35 of 2nd period - Samuel Helenius is hit by Walker Duehr.
14:53 of 2nd period - Shot by Samuel Helenius.
14:53 of 2nd period - Shot Blocked by Cooper Walker.
14:55 of 2nd period - Shot by Samuel Helenius.
14:55 of 2nd period - Shot Misses the Net.
14:57 of 2nd period - Shot by Jack Matier.
14:57 of 2nd period - Stopped by Devin Cooley without a rebound.
14:58 of 2nd period - Zach Solow wins face-off versus Jalen Luypen in LONDON ACES zone.
14:58 of 2nd period - Zach Solow is hit by Luke Henman.
15:17 of 2nd period - Shot by Jalen Luypen.
15:17 of 2nd period - Shot Misses the Net.
15:19 of 2nd period - Shot by Tyson Barrie.
15:19 of 2nd period - Shot Misses the Net.
15:23 of 2nd period - Shot by Tyson Barrie.
15:23 of 2nd period - Stopped by Devin Cooley with a rebound.
15:25 of 2nd period - Shot by Cavan Fitzgerald.
15:25 of 2nd period - Shot Blocked by Josiah Slavin.
15:27 of 2nd period - Shot by Tyson Barrie.
15:27 of 2nd period - Stopped by Devin Cooley without a rebound.
15:28 of 2nd period - Parker Bell wins face-off versus Oscar Eklind in LONDON ACES zone.
15:37 of 2nd period - Shot by Max McCue.
15:37 of 2nd period - Stopped by Devin Cooley without a rebound.
15:38 of 2nd period - Oscar Eklind wins face-off versus Samuel Helenius in LONDON ACES zone.
15:54 of 2nd period - Mike Hardman is hit by Oscar Eklind and loses puck.
16:29 of 2nd period - Shot by Daniel D'Amato.
16:29 of 2nd period - Stopped by Adam Scheel with a rebound.
16:59 of 2nd period - Samuel Helenius is hit by Tucker Robertson and loses puck.
17:33 of 2nd period - Shot by Oscar Eklind.
17:33 of 2nd period - Shot Misses the Net.
17:35 of 2nd period - Shot by Martin Chromiak.
17:35 of 2nd period - Deflect By Cam Lund.
17:35 of 2nd period - Stopped by Adam Scheel without a rebound.
17:36 of 2nd period - Jalen Luypen wins face-off versus Oscar Eklind in MONTREAL AXION zone.
19:30 of 2nd period - Shot by Zach Solow.
19:30 of 2nd period - Shot Misses the Net.
19:40 of 2nd period - Shot by Sammy Walker.
19:40 of 2nd period - Shot Misses the Net.
19:50 of 2nd period - Shot by Walker Duehr.
19:50 of 2nd period - Shot Misses the Net.
19:52 of 2nd period - Shot by Walker Duehr.
19:52 of 2nd period - Stopped by Adam Scheel without a rebound.
19:53 of 2nd period - Parker Bell wins face-off versus Walker Duehr in MONTREAL AXION zone.
Goals for this period are 1 for LONDON ACES vs 1 for MONTREAL AXION.
Shots for this period are 9 for LONDON ACES vs 7 for MONTREAL AXION.

3rd period


0:01 of 3rd period - Samuel Helenius wins face-off versus Oscar Eklind in neutral zone.
0:14 of 3rd period - Shot by Mike Hardman.
0:14 of 3rd period - Stopped by Devin Cooley with a rebound.
0:22 of 3rd period - Mike Hardman is hit by Oscar Eklind and loses puck.
0:33 of 3rd period - Shot by Samuel Helenius.
0:33 of 3rd period - Stopped by Devin Cooley without a rebound.
0:34 of 3rd period - Aku Raty wins face-off versus Zach Solow in LONDON ACES zone.
0:34 of 3rd period - Tyson Barrie is hit by Lleyton Moore and loses puck.
0:37 of 3rd period - Shot by Jalen Luypen.
0:37 of 3rd period - Shot Misses the Net.
0:47 of 3rd period - Shot by Mathias Laferriere.
0:47 of 3rd period - Stopped by Devin Cooley without a rebound.
0:48 of 3rd period - Tucker Robertson wins face-off versus Luke Henman in LONDON ACES zone.
1:03 of 3rd period - Shot by Jalen Luypen.
1:03 of 3rd period - Stopped by Devin Cooley with a rebound.
1:05 of 3rd period - Shot by Matthew Kessel.
1:05 of 3rd period - Stopped by Devin Cooley without a rebound.
1:06 of 3rd period - Josiah Slavin wins face-off versus Samuel Helenius in LONDON ACES zone.
1:29 of 3rd period - Shot by Mike Hardman.
1:29 of 3rd period - Stopped by Devin Cooley without a rebound.
1:30 of 3rd period - Aku Raty wins face-off versus Oscar Eklind in LONDON ACES zone.
1:31 of 3rd period - Shot by Jalen Luypen.
1:31 of 3rd period - Shot Misses the Net.
2:06 of 3rd period - Shot by Mathias Laferriere.
2:06 of 3rd period - Stopped by Devin Cooley without a rebound.
2:07 of 3rd period - Samuel Helenius wins face-off versus Zach Solow in LONDON ACES zone.
2:12 of 3rd period - Shot by Mike Hardman.
2:12 of 3rd period - Stopped by Devin Cooley without a rebound.
2:13 of 3rd period - Samuel Helenius wins face-off versus Zach Solow in LONDON ACES zone.
2:32 of 3rd period - Shot by Samuel Helenius.
2:32 of 3rd period - Stopped by Devin Cooley without a rebound.
2:33 of 3rd period - Oscar Eklind wins face-off versus Aku Raty in LONDON ACES zone.
2:45 of 3rd period - Shot by Martin Chromiak.
2:45 of 3rd period - Shot Misses the Net.
2:47 of 3rd period - Shot by Oscar Eklind.
2:47 of 3rd period - Stopped by Adam Scheel without a rebound.
2:48 of 3rd period - Zach Solow wins face-off versus Samuel Helenius in MONTREAL AXION zone.
2:48 of 3rd period - Zach Solow is hit by Cavan Fitzgerald.
3:42 of 3rd period - Shot by Jalen Luypen.
3:42 of 3rd period - Shot Blocked by Scott Perunovich.
6:03 of 3rd period - Shot by Mike Hardman.
6:03 of 3rd period - Stopped by Devin Cooley without a rebound.
6:04 of 3rd period - Zach Solow wins face-off versus Parker Bell in LONDON ACES zone.
6:09 of 3rd period - Matthew Kessel is hit by Josiah Slavin and loses puck.
6:18 of 3rd period - Shot by Reid Schaefer.
6:18 of 3rd period - Shot Misses the Net.
6:27 of 3rd period - Scott Perunovich is hit by Reid Schaefer.
6:29 of 3rd period - Shot by Zach Solow.
6:29 of 3rd period - Stopped by Adam Scheel without a rebound.
6:30 of 3rd period - Samuel Helenius wins face-off versus Tucker Robertson in MONTREAL AXION zone.
6:40 of 3rd period - Sammy Walker is hit by Samuel Helenius and loses puck.
7:14 of 3rd period - Icing by Sammy Walker.
7:15 of 3rd period - Walker Duehr wins face-off versus Jalen Luypen in LONDON ACES zone.
7:15 of 3rd period - Walker Duehr is hit by Luke Henman.
7:21 of 3rd period - Alexander Petrovic is hit by Walker Duehr and loses puck.
7:23 of 3rd period - Minor Penalty to Alexander Petrovic for Hooking.
7:24 of 3rd period - Jalen Luypen wins face-off versus Zach Solow in MONTREAL AXION zone.
8:59 of 3rd period - Shot by Wyatt Aamodt.
8:59 of 3rd period - Shot Blocked by Cavan Fitzgerald.
9:13 of 3rd period - Reid Schaefer is hit by Daniel D'Amato and loses puck.
9:36 of 3rd period - Shot by Reid Schaefer.
9:36 of 3rd period - Shot Misses the Net.
9:45 of 3rd period - Icing by Walker Duehr.
9:46 of 3rd period - Samuel Helenius wins face-off versus Tucker Robertson in LONDON ACES zone.
10:12 of 3rd period - Shot by Samuel Helenius.
10:12 of 3rd period - Shot Misses the Net.
10:14 of 3rd period - Shot by Tyson Barrie.
10:14 of 3rd period - Shot Misses the Net.
10:28 of 3rd period - Alexander Petrovic is hit by Oscar Eklind and loses puck.
11:11 of 3rd period - Double Minor Penalty to Tommy Bergsland for Roughing.
11:12 of 3rd period - Zach Solow wins face-off versus Samuel Helenius in LONDON ACES zone.
11:12 of 3rd period - Zach Solow is hit by Samuel Helenius.
12:00 of 3rd period - Shot by Mathias Laferriere.
12:00 of 3rd period - Shot Blocked by Scott Perunovich.
12:11 of 3rd period - Off-side.
12:12 of 3rd period - Zach Solow wins face-off versus Luke Henman in neutral zone.
13:05 of 3rd period - Shot by Matthew Kessel.
13:05 of 3rd period - Stopped by Devin Cooley without a rebound.
13:06 of 3rd period - Martin Chromiak wins face-off versus Samuel Helenius in LONDON ACES zone.
13:12 of 3rd period - Icing by Mike Hardman.
13:13 of 3rd period - Samuel Helenius wins face-off versus Zach Solow in MONTREAL AXION zone.
13:13 of 3rd period - Samuel Helenius is hit by Sammy Walker.
14:09 of 3rd period - Shot by Matthew Kessel.
14:09 of 3rd period - Shot Blocked by Wyatt Aamodt.
14:20 of 3rd period - Icing by Tyson Barrie.
14:21 of 3rd period - Martin Chromiak wins face-off versus Max McCue in MONTREAL AXION zone.
14:26 of 3rd period - Shot by Martin Chromiak.
14:26 of 3rd period - Shot Misses the Net.
14:46 of 3rd period - Shot by Aku Raty.
14:46 of 3rd period - Deflect By Max McCue.
14:46 of 3rd period - Stopped by Devin Cooley without a rebound.
14:47 of 3rd period - Martin Chromiak wins face-off versus Samuel Helenius in LONDON ACES zone.
14:55 of 3rd period - Shot by Matthew Kessel.
14:55 of 3rd period - Shot Blocked by Drew Bavaro.
14:57 of 3rd period - Shot by Samuel Helenius.
14:57 of 3rd period - Shot Blocked by Patrik Koch.
14:59 of 3rd period - Shot by Mike Hardman.
14:59 of 3rd period - Stopped by Devin Cooley with a rebound.
15:01 of 3rd period - Shot by Mike Hardman.
15:01 of 3rd period - Shot Misses the Net.
15:03 of 3rd period - Shot by Mike Hardman.
15:03 of 3rd period - Stopped by Devin Cooley with a rebound.
15:05 of 3rd period - Shot by Matthew Kessel.
15:05 of 3rd period - Stopped by Devin Cooley with a rebound.
15:07 of 3rd period - Shot by Samuel Helenius.
15:07 of 3rd period - Shot Blocked by Patrik Koch.
17:17 of 3rd period - Icing by Matthew Kessel.
17:18 of 3rd period - Parker Bell wins face-off versus Oscar Eklind in MONTREAL AXION zone.
17:50 of 3rd period - Shot by Samuel Helenius.
17:50 of 3rd period - Shot Misses the Net.
18:14 of 3rd period - Scott Perunovich is hit by Mike Hardman and loses puck.
18:25 of 3rd period - Shot by Zach Solow.
18:25 of 3rd period - Shot Blocked by Jack Matier.
18:40 of 3rd period - Minor Penalty to Patrik Koch for Roughing.
18:41 of 3rd period - Luke Henman wins face-off versus Walker Duehr in LONDON ACES zone.
18:48 of 3rd period - Shot by Mathias Laferriere.
18:48 of 3rd period - Deflect By Luke Henman.
18:48 of 3rd period - Stopped by Devin Cooley without a rebound.
18:49 of 3rd period - Zach Solow wins face-off versus Luke Henman in LONDON ACES zone.
19:10 of 3rd period - Shot by Tyson Barrie.
19:10 of 3rd period - Stopped by Devin Cooley with a rebound.
19:12 of 3rd period - Shot by Tyson Barrie.
19:12 of 3rd period - Stopped by Devin Cooley with a rebound.
19:14 of 3rd period - Shot by Cavan Fitzgerald.
19:14 of 3rd period - Shot Misses the Net.
19:16 of 3rd period - Shot by Jalen Luypen.
19:16 of 3rd period - Stopped by Devin Cooley without a rebound.
19:17 of 3rd period - Zach Solow wins face-off versus Samuel Helenius in LONDON ACES zone.
Goals for this period are 0 for LONDON ACES vs 0 for MONTREAL AXION.
Shots for this period are 2 for LONDON ACES vs 19 for MONTREAL AXION.

Overtime #1


0:01 of 1st overtime period - Mathias Laferriere wins face-off versus Martin Chromiak in neutral zone.
2:10 of 1st overtime period - Icing by Scott Perunovich.
2:11 of 1st overtime period - Mike Hardman wins face-off versus Cooper Walker in LONDON ACES zone.
2:21 of 1st overtime period - Icing by Wyatt Aamodt.
2:22 of 1st overtime period - Mathias Laferriere wins face-off versus Cooper Walker in LONDON ACES zone.
2:37 of 1st overtime period - Shot by Mathias Laferriere.
2:37 of 1st overtime period - Stopped by Devin Cooley without a rebound.
2:38 of 1st overtime period - Walker Duehr wins face-off versus Mathias Laferriere in LONDON ACES zone.
2:38 of 1st overtime period - Walker Duehr is hit by Mathias Laferriere.
2:54 of 1st overtime period - Shot by Walker Duehr.
2:54 of 1st overtime period - Deflect By Sammy Walker.
2:54 of 1st overtime period - Goal by Sammy Walker - LONDON ACES : 3 - MONTREAL AXION : 2.
Goals for this period are 1 for LONDON ACES vs 0 for MONTREAL AXION.
Shots for this period are 1 for LONDON ACES vs 1 for MONTREAL AXION.